 Dungeon Crawl Stone Soup version 0.31.0-1-g2c135a008e (webtiles) character file.

Game seed: 6916749674782181214

122 qw the Shooter (level 5, -1/40 HPs)
             Began as a Djinni Hunter on Jan 24, 2024.
             Slain by a ribbon worm (3 damage)
             ... on level 2 of the Dungeon.
             The game lasted 00:00:08 (984 turns).

qw the Shooter (Djinni Hunter)                       Turns: 984, Time: 00:00:08

Health: -1/40      AC:  9    Str: 10    XL:     5   Next: 27%
Gold:   114        EV: 11    Int: 10    God:
                   SH:  0    Dex: 19

rFire   + + .        a - +0 shortbow
rCold   x . .        (shield currently unavailable)
rNeg    . . .        i - +4 ring mail
rPois   inf          (no helmet)
rElec   .            (no cloak)
rCorr   .            (no gloves)
SInv    .            (boots unavailable)
Will    .....        (no amulet)
Stlth   +            (no ring)
HPRegen 0.26/turn    (no ring)
MPRegen 0.00/turn

%: infuse magic (-2 HP)
@: flying
A: sickness immunity, fire resistance 2, cold vulnerability 1, float, innate
caster, HP casting, extra vitality 1
a: no special abilities


You were on level 2 of the Dungeon.
You visited 1 branch of the dungeon, and saw 2 of its levels.

You collected 114 gold pieces.


Innate Abilities, Weirdness & Mutations

You are immune to sickness and miasma.
You are immune to poison.
Your flesh is very heat resistant. (rF++)
You are vulnerable to cold. (rC-)
You float through the air rather than walking.
You learn spells naturally, not from books.
Your magical power is your life essence.
You have superior vitality. (+4 MHP)


   Skills:
 - Level 3.1 Fighting
 + Level 4.2 Ranged Weapons
 - Level 2.1 Armour
 - Level 2.1 Dodging
 - Level 0.7 Stealth


You knew the following spells:

 Your Spells              Type           Power      Damage    Failure   Level
a - Summon Small Mammal   Summ           0%         N/A       67%         1
b - Scorch                Fire           0%         2d5       82%         2
Your spell library was empty.

Inventory:

Hand Weapons
 a - a +0 shortbow (weapon)
Armour
 i - a +4 ring mail (worn)
Scrolls
 b - a scroll of poison {unknown}
Potions
 h - a potion of might
 k - a potion of curing

Dungeon Overview and Level Annotations

Branches:
Dungeon (2/15)

Altars:

Annotations:
D:2 Natasha


Message History

The cerulean imp barely misses you. The ribbon worm bites you.
You shoot an arrow. The arrow hits the ribbon worm.
The ribbon worm is lightly wounded.
The cerulean imp hits you from afar with a +1 spear.
The ribbon worm expels a string of sticky webbing.
The stream of webbing misses you.
You shoot an arrow.
The arrow hits the ribbon worm but does no damage.
The ribbon worm is lightly wounded.
Natasha wildly gestures.
You feel disoriented. The cerulean imp closely misses you.
The ribbon worm barely misses you.
The cerulean imp hits you but does no damage.
You shoot an arrow. The arrow hits the ribbon worm!
The ribbon worm is heavily wounded.
The ribbon worm misses you.
The cerulean imp hits you but does no damage.
You shoot an arrow.
The arrow completely misses the ribbon worm.
The cerulean imp disappears in a puff of smoke!
The cerulean imp hits you but does no damage.
The ribbon worm expels a string of sticky webbing.
The stream of webbing hits you but does no damage.
You are caught in a web!
Natasha wildly gestures.
You feel disoriented.
Natasha mumbles some strange words.
The web tears apart.
The cerulean imp barely misses you.
The ribbon worm bites you but does no damage.
You shoot an arrow. The arrow hits the ribbon worm.
The ribbon worm is moderately wounded.
The cerulean imp hits you but does no damage.
The ribbon worm misses you.
The cerulean imp hits you from afar with a +1 spear.
You shoot an arrow. The arrow hits the ribbon worm.
The ribbon worm is severely wounded.
The cerulean imp disappears in a puff of smoke!
The ribbon worm bites you.
You die...

#.....# #)# #..#
#.....## #.###..#
#......## #.#...#
#.......####...##
#######...%.....##
######h5...##
#5##...# #.######
#@# #..w.# #..###
.... #.... #....
.... ####


You could see a ribbon worm (catching breath), Natasha and 2 cerulean imps.

Vanquished Creatures
  Terence (D:2)
  Jessica (D:1)
  Natasha (D:2)
  An adder (D:2)
  2 dart slugs (D:1)
  3 endoplasms (D:2)
  A giant cockroach (D:2)
  3 goblins (D:1)
  2 hobgoblins (D:1)
  3 jackals (D:1)
  A kobold (D:2)
  3 quokkas
  4 ball pythons
  3 bats
  2 rats
31 creatures vanquished.

Notes
Turn   | Place    | Note
-------+----------+-------------------------------------------
     0 | D:1      | qw the Djinni Hunter began the quest for the Orb.
     0 | D:1      | Reached XP level 1. HP: 18/18 MP: 0/0
     0 | D:1      | 0 ||| qw: Version: 0.3-a-136-gdd3b4e8
     0 | D:1      | 0 ||| qw: Game counter: 1315
     0 | D:1      | 0 ||| qw: Melee chars always use a shield: true
     0 | D:1      | 0 ||| qw: God list: Okawaru
     0 | D:1      | 0 ||| qw: Allow faded altars: false
     0 | D:1      | 0 ||| qw: Do Orc after clearing Dungeon:15 true
     0 | D:1      | 0 ||| qw: Do second Lair branch before Depths: true
     0 | D:1      | 0 ||| qw: Lair rune preference: random
     0 | D:1      | 0 ||| qw: Goals: Normal
     0 | D:1      | 0 ||| PLANNING D:1-11
    89 | D:1      | Reached XP level 2. HP: 23/23 MP: 0/0
   183 | D:1      | Found a faded altar of an unknown god.
   237 | D:1      | Reached skill level 4 in Ranged Weapons
   237 | D:1      | Reached XP level 3. HP: 28/28 MP: 0/0
   237 | D:1      | Learned a level 1 spell: Summon Small Mammal
   392 | D:1      | 392 ||| UPGRADING to +4 ring mail.
   402 | D:1      | 402 ||| DROPPING +0 leather armour.
   403 | D:1      | 403 ||| READING scroll labelled VUNIAS XASAWN.
   404 | D:1      | 404 ||| READING 2 scrolls labelled CAHYOS SAITH.
   404 | D:1      | 404 ||| IDENTIFYING ruby potion
   405 | D:1      | 405 ||| READING scroll of identify.
   405 | D:1      | 405 ||| IDENTIFYING 2 fuming golden potions
   406 | D:1      | 406 ||| READING scroll labelled LOROEN KETH.
   406 | D:1      | 406 ||| ENCHANTING +0 shortbow.
   407 | D:1      | 407 ||| READING scroll labelled EGGUCW POGUOGI.
   508 | D:1      | 508 ||| READING scroll labelled TIEREISOSM.
   509 | D:1      | 509 ||| DRINKING 2 metallic clear potions.
   510 | D:1      | 510 ||| DROPPING scroll of butterflies.
   527 | D:2      | 527 ||| STAIRDANCE
   535 | D:2      | Identified the +1 dire flail "Hecauda" {flame, rF++}
   572 | D:2      | Noticed Jessica
   576 | D:2      | 576 ||| FLEEEEING.
   577 | D:2      | 577 ||| FLEEEEING.
   578 | D:2      | 578 ||| FLEEEEING.
   579 | D:2      | 579 ||| FLEEEEING.
   580 | D:2      | 580 ||| FLEEEEING.
   581 | D:2      | 581 ||| FLEEEEING.
   582 | D:2      | 582 ||| FLEEEEING.
   583 | D:2      | 583 ||| FLEEEEING.
   584 | D:2      | 584 ||| STAIRDANCE
   595 | D:1      | 595 ||| READING scroll labelled REVAMMIWKY.
   596 | D:1      | 596 ||| READING scroll labelled CUTUTI NIUXOL.
   656 | D:2      | 656 ||| STAIRDANCE
   760 | D:2      | 760 ||| STAIRDANCE
   764 | D:1      | Killed Jessica
   765 | D:1      | Reached XP level 4. HP: 33/33 MP: 0/0
   832 | D:2      | Noticed Terence
   845 | D:2      | HP: 8/33 [Terence/+0 flail (2)]
   846 | D:2      | 846 ||| DRINKING 2 potions of heal wounds.
   854 | D:2      | HP: 5/33 [Terence/+0 flail (9)]
   855 | D:2      | 855 ||| DRINKING potion of heal wounds.
   856 | D:2      | Killed Terence
   887 | D:2      | Reached skill level 3 in Fighting
   887 | D:2      | Reached XP level 5. HP: 40/40 MP: 0/0
   887 | D:2      | Learned a level 2 spell: Scorch
   888 | D:2      | Noticed Natasha
   897 | D:2      | Killed Natasha
   953 | D:2      | Noticed Natasha
   968 | D:2      | 968 ||| RETREEEEATING.
   969 | D:2      | 969 ||| RETREEEEATING.
   970 | D:2      | 970 ||| RETREEEEATING.
   971 | D:2      | 971 ||| RETREEEEATING.
   976 | D:2      | HP: 9/40 [ribbon worm (7)]
   976 | D:2      | HP: 4/40 [cerulean imp/+1 spear[Natasha] (5)]
   983 | D:2      | HP: 2/40 [cerulean imp/+1 spear[Natasha] (2)]
   984 | D:2      | Slain by a ribbon worm

Levels and vault maps discovered:
D:1:      psy_arrival_dodecagon, layout_rooms,
          shapermc_ecumenical_altar_rom_forum, minmay_tree_intersection,
          serial_park_tiny_2
D:2:      layout_rooms, uniq_terence, uniq_jessica, uniq_sigmund, uniq_natasha

Skill      XL: |  1  2  3  4 |
---------------+-------------+-----
Ranged Weapons | 4 |  4.2
Armour         | 2 |  2.1
Fighting       | 3 |  3.1
Dodging        | |  2.1
Stealth        | |  0.7

Action                     |  1- 3 |  4- 6 || total
---------------------------+-------+-------++-------
   Fire: Shortbow          |    71 |    74 ||   145
    Use: Scroll            |     8 |       ||     8
         Potion            |     1 |     2 ||     3
 Armour: Leather armour    |    17 |       ||    17
         Ring mail         |     8 |    53 ||    61
  Dodge: Dodged            |    30 |    40 ||    70

Table legend:
 A = Non-vault XP
 B = Vault XP
 C = Vault XP percentage of total XP
 D = Non-vault monster count
 E = Vault monster count
 F = Vault count percentage of total count
                 A         B        C        D         E       F
            +---------+---------+-------+---------+---------+-------
      Total |      65 |     110 |  62.9 |      28 |       3 |   9.7
            +---------+---------+-------+---------+---------+-------
        D:1 |      34 |      37 |  52.1 |      17 |       1 |   5.6
        D:2 |      31 |      73 |  70.2 |      11 |       2 |  15.4
            +---------+---------+-------+---------+---------+-------
